 Dungeon Crawl Stone Soup version 0.20.1-1-g8b1a95d (webtiles) character file.

201 renl the Conjurer (level 5, -1/38 HPs)
             Began as a Draconian Conjurer on July 8, 2017.
             Blown up by Ijyb (13 damage)
             ... with a wand of disintegration (?/24)
             ... while paralysed by Grinder
             ... on level 4 of the Dungeon.
             The game lasted 00:17:57 (3452 turns).

renl the Conjurer (Draconian Conjurer)              Turns: 3452, Time: 00:17:57

Health: -1/38      AC:  7    Str: 10    XL:     5   Next: 50%
Magic:  8/8        EV:  2    Int: 16    God:
Gold:   117        SH:  0    Dex: 12    Spells: 3/8 levels left

rFire    . . .     SeeInvis .   a - +0 dagger
rCold    + . .     Gourm    .   (no shield)
rNeg     . . .     Faith    .   (armour unavailable)
rPois    .         Spirit   .   (helmet restricted)
rElec    +         Reflect  .   q - +1 cloak of Starlight {rElec rC+ EV+4 Stlth--}
rCorr    .         Harm     .   (no gloves)
MR       .....                  (no boots)
Stlth    ..........             (no amulet)
Regen    0.2/turn               (no ring)
MPRegen  0.2/turn               (no ring)

@: paralysed
A: unfitting armour, cold-blooded, AC +5
a: no special abilities


You were on level 4 of the Dungeon.
You were not hungry.

You visited 1 branch of the dungeon, and saw 4 of its levels.

You collected 117 gold pieces.

Inventory:

Hand Weapons
 a - a +0 dagger (weapon)
Armour
 q - the +1 cloak of Starlight (worn) {rElec rC+ EV+4 Stlth--}
   (You found it on level 4 of the Dungeon)

   It affects your evasion (+4).
   It protects you from cold.
   It insulates you from electricity.
   It makes you much less stealthy.
Scrolls
 c - 4 scrolls of identify {unknown}
 g - a scroll of magic mapping {unknown}
 i - a scroll of amnesia {unknown}
 j - 3 scrolls of fear {unknown}
 m - 2 scrolls of teleportation {unknown}
 n - a scroll of enchant weapon {unknown}
Potions
 d - 4 potions of curing {unknown}
 e - a potion of lignification {unknown}
 k - a potion of mutation {unknown}
 l - a potion of resistance {unknown}
Books
 h - a book of Conjurations

   Spells                             Type                      Level
   a - Magic Dart                     Conjuration                  1
   b - Searing Ray                    Conjuration                  2
   c - Dazzling Spray                 Conjuration/Hexes            3
   d - Fulminant Prism                Conjuration/Hexes            4
   e - Force Lance                    Conjuration/Translocation    4
   f - Iskenderun's Mystic Blast      Conjuration                  4
Comestibles
 b - 4 bread rations
 f - 3 royal jellies
 o - 2 chunks of flesh
 p - 2 meat rations


   Skills:
 - Level 1.7 Dodging
 - Level 1.7 Stealth
 - Level 2.0 Spellcasting
 + Level 6.8 Conjurations


You had 3 spell levels left.
You knew the following spells:

 Your Spells              Type           Power        Failure   Level  Hunger
a - Magic Dart            Conj           ###.         1%          1    #......
b - Iskenderun's Mystic   Conj           ###.....     12%         4    #####..


Dungeon Overview and Level Annotations

Branches:
Dungeon (4/15)
 Temple: D:4-7

Altars:
Dithmenos
Fedhas
Hepliaklqana
Kikubaaqudgha
Nemelex Xobeh
Zin

Shops:
D:4 *

Annotations:
D:2 Natasha
D:3 Sigmund
D:4 Edmund, Grinder, Ijyb


Innate Abilities, Weirdness & Mutations

Your plain brown scales are hard. (AC +5)
You cannot fit into any form of body armour.
You are cold-blooded and may be slowed by cold attacks.


Message History

Press: ? - help, Shift-Dir - straight line, f - Edmund
Aim: Edmund, wielding a flail of crushing and wearing a chain mail The magic dart hits Ijyb.
Ijyb is lightly wounded.
Ijyb zaps a wand.
You are blasted!
It is a wand of disintegration (?/24).
Edmund drinks a potion.
Edmund flickers and vanishes!
Deactivating autopickup; reactivate with Ctrl-A.
Grinder shouts!
Ijyb screams, "Level is mine!
All mine!"
Grinder says, "At least Makhleb appreciates what I'm doing."
Grinder blinks!
Grinder gestures at you.
You suddenly lose the ability to move!
Something hits you. Ijyb screams, "Me stronger than you!"
Grinder gestures at you. You resist with significant effort.
Ijyb zaps a wand.
You are blasted!
Something hits you but does no damage.
Ijyb zaps a wand.
You are blasted!
You die...

.#...#...#.....#####
#.........#
..<.###.###........#
#########.#
.#(..#...#...#..##.#
#.#
#..8...8...8.##.##.####
#####.#
.......(.#...#...5....#
#.....#
#.#.####...###...#.##.#
#.#.... #.#......###
#.#...##.# #.##.
..############.g...##.#
#<.#.
########.......{@>....#
####8
g......#.#########.####
. #####g##...# #<..# .
#...##g# ##### ∩
###.##.######
#.........# ####.####.#
#......# ########


You could see Grinder and Ijyb.

Vanquished Creatures
  A hound (D:3)
  An orc wizard (D:4)
  A hound skeleton (D:4)
  6 adders
  2 leopard geckos
  10 orcs
  5 bats
  4 giant cockroaches
  7 goblins
  8 hobgoblins
  2 quokkas
  3 ball pythons
  6 frilled lizards
  5 kobolds
  5 rats
66 creatures vanquished.

Notes
Turn   | Place    | Note
-------+----------+-------------------------------------------
     0 | D:1      | renl the Draconian Conjurer began the quest for the Orb.
     0 | D:1      | Reached XP level 1. HP: 14/14 MP: 3/3
   273 | D:1      | Reached XP level 2. HP: 14/20 MP: 1/5
   818 | D:2      | Reached skill level 5 in Conjurations
   849 | D:2      | Reached XP level 3. HP: 26/26 MP: 3/6
  1147 | D:2      | Noticed Natasha
  1867 | D:3      | Noticed Sigmund
  1925 | D:3      | Reached XP level 4. HP: 31/33 MP: 2/7
  1932 | D:3      | Learned a level 4 spell: Iskenderun's Mystic Blast
  2131 | D:3      | Found a sparkling altar of Nemelex Xobeh.
  2596 | D:4      | Reached skill level 6 in Conjurations
  2961 | D:4      | Reached XP level 5. HP: 27/38 MP: 2/8
  3057 | D:4      | Noticed Grinder
  3094 | D:4      | Paralysed by Grinder for 2 turns
  3098 | D:4      | Paralysed by Grinder for 6 turns
  3187 | D:4      | Found Waovewn's General Store.
  3196 | D:4      | Found a hazy altar of Hepliaklqana.
  3200 | D:4      | Found a blossoming altar of Fedhas.
  3204 | D:4      | Found a shadowy altar of Dithmenos.
  3205 | D:4      | Found an ancient bone altar of Kikubaaqudgha.
  3207 | D:4      | Found a glowing silver altar of Zin.
  3291 | D:4      | Paralysed by Grinder for 7 turns
  3406 | D:4      | Noticed Ijyb
  3406 | D:4      | Noticed Edmund
  3449 | D:4      | Paralysed by Grinder for 6 turns
  3452 | D:4      | Blown up by Ijyb

Skill      XL: |  1  2  3  4 |
---------------+-------------+-----
Conjurations   | 5 6 |  6.8
Dodging        | |  1.7
Stealth        | |  1.7
Spellcasting   | |  2.0

Action                   |  1- 3 |  4- 6 || total
-------------------------+-------+-------++-------
Melee: Unarmed           |    38 |       ||    38
       Tailslap          |     7 |     2 ||     9
       Dagger            |    16 |    25 ||    41
 Cast: Magic Dart        |    77 |    67 ||   144
       Iskenderun's Myst |       |     3 ||     3
 Stab: Sleeping          |     1 |     1 ||     2
       Distracted        |       |     1 ||     1
  Eat: Chunk             |     4 |     7 ||    11
Armor: Skin              |    25 |    31 ||    56
Dodge: Dodged            |    37 |    47 ||    84
